 Dungeon Crawl Stone Soup version 0.32-a0-18-g89e19f1974 (webtiles) character file.

Game seed: 16597939111665569587

44 mightbedylan the Slasher (level 3, -1/45 HPs)
             Began as a Draconian Reaver on Jan 16, 2024.
             Succumbed to a kobold's poison
             ... on level 2 of the Dungeon.
             The game lasted 00:10:22 (1050 turns).

mightbedylan the Slasher (Draconian Reaver)         Turns: 1050, Time: 00:10:22

Health: -1/45      AC: 21    Str: 20    XL:     3   Next: 39%
Magic:  1/6        EV:  2    Int: 15    God:
Gold:   86         SH:  0    Dex:  9    Spells: 3/6 levels left

rFire   . . .        a - +0 falchion
rCold   . . .        (no shield)
rNeg    . . .        (body armour unavailable)
rPois   +            (helmet currently unavailable)
rElec   .            (cloak currently unavailable)
rCorr   .            (gloves currently unavailable)
SInv    .            (boots currently unavailable)
Will    +....        (no amulet)
Stlth   +            e - ring of wizardry
HPRegen 0.27/turn    j - +6 ring of strength
MPRegen 0.10/turn

%: wizardry (x1)
@: brilliant, lethally poisoned (-1 -> -9), tree-form, enlightened
A: stationary, stasis, torment immunity, boosted hp, AC +5, unfitting armour,
(cold-blooded)
a: no special abilities


You were on level 2 of the Dungeon.
You were a tree.
You visited 1 branch of the dungeon, and saw 2 of its levels.

You collected 86 gold pieces.

Inventory:

Hand Weapons
 a - a +0 falchion (weapon)
Jewellery
 c - a ring of protection from cold
 e - a ring of wizardry (left branch)
 j - a +6 ring of strength (right branch)
Scrolls
 b - a scroll of identify {unknown}
 d - a scroll of teleportation {unknown}
 h - a scroll of enchant armour {unknown}
Potions
 k - 2 potions of enlightenment


   Skills:
 + Level 2.7 Fighting
 + Level 3.3 Long Blades
 + Level 2.1 Dodging
 + Level 2.3 Spellcasting
 + Level 3.3 Conjurations


You had 3 spell levels left.
You knew the following spells:

 Your Spells              Type           Power      Damage    Failure   Level
a - Kiss of Death         Conj/Necr      40%        2d8       4%          1
b - Momentum Strike       Conj/Tloc      20%        3d8       7%          2

Your spell library contained the following spells:

 Spells                   Type           Power      Damage    Failure   Level
 Hailstorm                Conj/Ice       10%        3d6       13%         3


Dungeon Overview and Level Annotations

Branches:
Dungeon (2/15)

Altars:


Innate Abilities, Weirdness & Mutations

You are a tree.
Your roots penetrate the ground, keeping you stationary.
You cannot be teleported.
You are immune to unholy pain and torment.
Your maximum health is greatly increased.
Your equipment is partially melded.
((Your plain brown scales are hard. (AC +5)))
You cannot fit into any form of body armour.
((You are cold-blooded and may be slowed by cold attacks.))


Message History

The kobold hits you with a +1 dagger of venom.
* * * LOW HITPOINT WARNING * * *
It was a potion of enlightenment.
You feel very buoyant.
You fly up into the air.
* * * LOW HITPOINT WARNING * * *
You feel very sick. The kobold hits you but does no damage.
You are more poisoned.
You cannot move.
It was a potion of heal wounds.
You feel much better.
You feel very sick. The kobold closely misses you.
You miss the kobold.
Your tail-slap misses the kobold.
The kobold is severely wounded.
You are no longer robbed of momentum.
You feel very sick.
The kobold hits you with a +1 dagger of venom.
You are more poisoned.
It was a potion of lignification.
You turn into a tree.
Your roots penetrate the ground.
You feel very sick.
The kobold hits you with a +1 dagger of venom.
* * * LOW HITPOINT WARNING * * *
Okay, then.
It was a potion of brilliance.
You feel clever all of a sudden.
* * * LOW HITPOINT WARNING * * *
You feel very sick. The kobold hits you but does no damage.
You slash the kobold!
You kill the kobold!
* * * LOW HITPOINT WARNING * * *
You feel very sick.
There is a lethal amount of poison in your body!
There is a lethal amount of poison in your body!
There is a lethal amount of poison in your body!
* * * LOW HITPOINT WARNING * * *
You feel very sick.
You die...

####### ##### .......
#...# ....... #.#.#
....... ####### #.#.#
....... #......# #.#.#
....... #......#
#.#.##)...... #......#
#.#.#♣).....[
#......###........$...
#......##..#.#########
#......##..#.#
#..........#.#
#.......####.#
#...>........###
#......####.##<###
#.†......†.......#


There were no monsters in sight!

Vanquished Creatures
  2 ribbon worms (D:2)
  3 endoplasms (D:1)
  2 giant cockroaches (D:1)
  5 goblins
  2 hobgoblins
  4 jackals (D:1)
  4 quokkas (D:1)
  A ball python (D:1)
  5 bats (D:1)
  2 frilled lizards
  2 kobolds
  2 rats
34 creatures vanquished.

Notes
Turn   | Place    | Note
-------+----------+-------------------------------------------
     0 | D:1      | mightbedylan the Draconian Reaver began the quest for the
                  | Orb.
     0 | D:1      | Reached XP level 1. HP: 17/17 MP: 3/3
   112 | D:1      | Reached XP level 2. HP: 19/22 MP: 5/5
   223 | D:1      | Learned a level 2 spell: Momentum Strike
   498 | D:1      | Reached XP level 3. HP: 27/29 MP: 6/6
  1043 | D:2      | HP: 1/30 [poisoned by a kobold]
  1049 | D:2      | HP: 1/45 [poisoned by a kobold]
  1050 | D:2      | Succumbed to a kobold's poison

Illustrated notes

Levels and vault maps discovered:
D:1:      ncdulo_halloftheorcs, layout_rooms, minivault_14
D:2:      layout_basic

Skill      XL: |  1  2 |
---------------+-------+-----
Dodging        | 2 |  2.1
Fighting       | |  2.7
Long Blades    | |  3.3
Spellcasting   | |  2.3
Conjurations   | |  3.3

Action                     || total
---------------------------++-------
  Melee: Falchion          ||   103
         Tailslap          ||     9
         Punch             ||     2
   Cast: Kiss of Death     ||     2
         Momentum Strike   ||     8
    Use: Potion            ||     4
 Armour: Skin              ||    68
  Dodge: Dodged            ||    84

Table legend: (Time is in decaauts)
 A = Elapsed time spent in this place.
 B = Non-inter-level travel time spent in this place.
 C = Inter-level travel time spent in this place.
 D = Time resting spent in this place.
 E = Time spent auto-exploring this place.
 F = Levels seen in this place.
 G = Mean time per level.
                   A        B        C        D        E       F      G
               +--------+--------+--------+--------+--------+-----+--------+
         Total |   1065 |    959 |    106 |      0 |    649 |   2 |  532.5 |
       Dungeon |   1065 |    959 |    106 |      0 |    649 |   2 |  532.5 |
               +--------+--------+--------+--------+--------+-----+--------+

Top non-repeatable levels by time:
     D:1: 833 daAuts
     D:2: 231 daAuts
